 Dungeon Crawl Stone Soup version 0.31.0-32-g396128a36d (webtiles) character file.

Game seed: 1228495995095517171

196 Kaboulah the Covered (level 5, -4/43 HPs)
             Began as a Barachi Fighter on Mar 17, 2024.
             Slain by Duvessa
             ... wielding a +2 rapier of distortion
              (8 damage)
             ... on level 4 of the Dungeon.
             The game lasted 00:11:41 (1211 turns).

Kaboulah the Covered (Barachi Fighter)              Turns: 1211, Time: 00:11:43

Health: -4/43      AC:  7    Str: 17    XL:     5   Next: 75%
Magic:  5/5        EV: 10    Int:  8    God:
Gold:   50         SH:  5    Dex: 14    Spells: 4/4 levels left

rFire   x . .        a - +0 long sword
rCold   + . .        c - +0 buckler
rNeg    . . .        b - +0 scale mail
rPois   .            (no helmet)
rElec   .            (no cloak)
rCorr   .            (no gloves)
SInv    .            (no boots)
Will    .....        (no amulet) Stlth
                     k - ring of ice
HPRegen 0.27/turn    (no ring)
MPRegen 0.09/turn

%: no passive effects
@: mighty, unable to hop, slow
A: amphibious, slowness 1, strong legs 1, +LOS
a: Hop


You were on level 4 of the Dungeon.
You visited 1 branch of the dungeon, and saw 3 of its levels.

You collected 50 gold pieces.

Inventory:

Hand Weapons
 a - a +0 long sword (weapon)
Armour
 b - a +0 scale mail (worn)
 c - a +0 buckler (worn)
Jewellery
 k - a ring of ice (left hand)
Talismans
 e - a beast talisman
Scrolls
 f - 2 scrolls of teleportation {unknown}
 g - a scroll of vulnerability {unknown}
 h - a scroll of amnesia {unknown}
 i - a scroll of fear {unknown}
 j - a scroll of identify {unknown}
 l - a scroll of poison {unknown}
 p - a scroll of fog {unknown}
Potions
 m - a potion of haste {unknown}
 n - a potion of heal wounds {unknown}
 o - a potion of curing {unknown}


   Skills:
 + Level 4.4 Fighting
 * Level 4.4 Long Blades
 + Level 4.5 Armour
 + Level 2.2 Dodging
 + Level 4.0 Shields


You had 4 spell levels left.
You didn't know any spells.
Your spell library contained the following spells:

 Spells                   Type           Power      Damage    Failure   Level
 Ensorcelled Hibernation  Hex/Ice        0%         N/A       95%         2
 Passwall                 Erth           0%         N/A       99%         3
 Swiftness                Air            0%         N/A       99%         3


Dungeon Overview and Level Annotations

Branches:
Dungeon (2/15)

Altars:
Elyvilon
Nemelex Xobeh
Zin

Shops:
D:2 [

Annotations:
D:4 Duvessa


Innate Abilities, Weirdness & Mutations

You are amphibious.
You cover ground slowly.
You can hop short distances.
You have an extended range of vision and can be seen from far away.


Message History

You kill the goblin!
You closely miss Duvessa. You block Duvessa's attack.
You slash Duvessa!
Duvessa is moderately wounded.
Duvessa hits you with a +2 rapier of distortion.
You blink.
The white imp summons a swarm of flies.
Hop to where?
Press: ? - help, Q - select action Dir - move target Boing!
You hit Duvessa.
Duvessa is moderately wounded.
Duvessa barely misses you.
The white imp laughs crazily.
You hit Duvessa.
Duvessa is moderately wounded.
You block Duvessa's attack.
You hit Duvessa.
Duvessa is heavily wounded.
You block Duvessa's attack. Duvessa barely misses you.
You closely miss Duvessa.
Duvessa is heavily wounded.
Duvessa hits you with a +2 rapier of distortion.
Space warps around you.
You barely miss Duvessa.
Duvessa is heavily wounded.
Duvessa hits you with a +2 rapier of distortion.
Space warps around you.
You feel very mighty all of a sudden. You block Duvessa's attack.
You closely miss Duvessa.
Duvessa is heavily wounded.
Duvessa closely misses you.
You barely miss Duvessa.
Duvessa is heavily wounded.
Duvessa hits you with a +2 rapier of distortion!
Space warps horribly around you!
* * * LOW HITPOINT WARNING * * *
Duvessa hits you with a +2 rapier of distortion!
You die...

#.≈≈≈≈≈≈≈.......≈..#
#####.(......≈≈≈≈≈≈≈≈#.#
........#........#......
.##.....##.##.#....##.#
......#..##.# #.... .#
..###.#..##.# #
#.......# #......#.###
#.#######@# #e# #5# #g#
#)# #)# #.......#
#5##.##.# #. ..# #


You could see Duvessa, a gnoll and a white imp.

Vanquished Creatures
  A black bear (D:4)
  An iguana (D:4)
  3 gnolls (D:4)
  A dart slug (D:4)
  2 ribbon worms
  An orc (D:2)
  3 ball pythons
  5 bats
  2 endoplasms
  4 giant cockroaches
  5 goblins
  A hobgoblin (D:1)
  4 kobolds (D:1)
  3 quokkas
  A frilled lizard (D:1)
  3 rats (D:1)
40 creatures vanquished.

Notes
Turn   | Place    | Note
-------+----------+-------------------------------------------
     0 | D:1      | Kaboulah the Barachi Fighter began the quest for the Orb.
     0 | D:1      | Reached XP level 1. HP: 18/18 MP: 1/1
   151 | D:1      | Reached XP level 2. HP: 24/25 MP: 2/2
   469 | D:1      | Reached skill level 1 in Dodging
   590 | D:1      | Reached XP level 3. HP: 30/30 MP: 3/3
   770 | D:2      | Found Duuloot's Antique Armour Emporium.
   877 | D:2      | You fall into a shaft and drop 2 floors!
   884 | D:4      | Found a glowing silver altar of Zin.
   896 | D:4      | Reached XP level 4. HP: 13/37 MP: 4/4
   989 | D:4      | Found a sparkling altar of Nemelex Xobeh.
  1001 | D:4      | Noticed a black bear
  1019 | D:4      | Killed a black bear
  1020 | D:4      | Reached XP level 5. HP: 24/43 MP: 5/5
  1092 | D:4      | Found a white marble altar of Elyvilon.
  1194 | D:4      | Noticed Duvessa
  1211 | D:4      | Slain by Duvessa

Illustrated notes

Levels and vault maps discovered:
D:1:      ncdulo_watergridlock, layout_loops_ring,
          chequers_serial_rivers_micro_d
D:2:      layout_rooms, serial_shops, shop, moated_statue,
          ebering_dispersal_statue_hall
D:4:      kennysheep_spiral_hall, layout_loops_cross, nicolae_overflow_squiral,
          nicolae_elyvilon_peaceful_grove, uniq_duvessa, uniq_menkaure

Skill      XL: |  1  2  3  4  5 |
---------------+----------------+-----
Long Blades    | 3 4 |  4.4
Dodging        | 1 2 |  2.2
Armour         | 4 |  4.5
Fighting       | 4 |  4.4
Shields        | 4 |  4.0

Action                     |  1- 3 |  4- 6 || total
---------------------------+-------+-------++-------
  Melee: Long sword        |   119 |    50 ||   169
Ability: Hop               |     1 |     1 ||     2
    Use: Potion            |       |     1 ||     1
 Armour: Scale mail        |    88 |    42 ||   130
  Dodge: Dodged            |    65 |    26 ||    91
  Block: Buckler           |    31 |    11 ||    42
